[Event "Ceske Budejovice IM 2022"]
[Site "Ceske Budejovice"]
[Date "2022.07.03"]
[Round "3.2"]
[White "Lajbl, Jan"]
[Black "Nagy, Ladislav"]
[Result "1/2-1/2"]
[ECO "C45"]
[WhiteElo "2212"]
[BlackElo "2209"]
[Annotator "RC"]
[PlyCount "82"]
[EventDate "2022.07.01"]
[EventType "tourn"]
[EventCountry "CZE"]
[SourceTitle "playchess.com"]
[Source "ChessBase"]
[SourceQuality "1"]
[TimeControl "40/5400+30:1800+30"]

1. e4 e5 2. Nf3 Nc6 3. d4 exd4 4. Nxd4 Bc5 5. Be3 Qf6 6. c3 Nge7 7. Bc4 Ne5 8. Be2 Qg6 9. O-O d6 10. Nd2 Bh3 11. Bf3 O-O 12. Kh1 Nxf3 13. Qxf3 Bd7 14. b4 Bb6 15. Nc4 Nc6 16. Nf5 Rfe8 17. Bxb6 axb6 18. Nce3 Ne7 19. Nxe7+ Rxe7 20. Nd5 Rxe4 21. Rae1 Rae8 22. Rxe4 Rxe4 23. Nxc7 h5 24. Nd5 Bc6 25. Qd1 Re5 26. c4 b5 27. f4 Re4 28. cxb5 Bxb5 29. Re1 Rxe1+ 30. Qxe1 Kh7 31. h3 Qf5 32. Qd2 Bc6 33. Ne7 Qxh3+ 34. Kg1 Qd7 35. Qc2+ g6 36. Nxc6 bxc6 37. a4 d5 38. a5 d4 39. Qd3 Qa7 40. Qc2 Qd7 41. Qd3 Qa7 1/2-1/2

[Event "Ceske Budejovice IM 2022"]
[Site "Ceske Budejovice"]
[Date "2022.07.03"]
[Round "3.3"]
[White "Finek, Vaclav"]
[Black "Dev, Shah"]
[Result "1/2-1/2"]
[ECO "D27"]
[WhiteElo "2393"]
[BlackElo "2292"]
[Annotator "TA"]
[PlyCount "85"]
[EventDate "2022.07.01"]
[EventType "tourn"]
[EventCountry "CZE"]
[SourceTitle "playchess.com"]
[Source "ChessBase"]
[SourceQuality "1"]
[TimeControl "40/5400+30:1800+30"]

1. d4 d5 2. c4 dxc4 3. Nf3 Nf6 4. e3 e6 5. Bxc4 c5 6. O-O a6 7. dxc5 Bxc5 8. Qxd8+ Kxd8 9. Rd1+ Ke7 10. Nc3 b5 11. Be2 Bb7 12. Nd2 {[%emt 0:00:34] D27: Queen's Gambit Accepted: Classical main line: 7 e4!? and 7 a4.} Nbd7 13. Nb3 Rac8 {[%emt 0:01:04] [#]} 14. Bd2 $146 {[%emt 0:20:53] Threatening a4. White is slightly better.} ({Predecessor:} 14. a4 b4 15. Na2 Bd6 16. Bd2 Bd5 17. Na5 Rc2 18. Nxb4 Rxb2 19. Nac6+ Ke8 20. Nxd5 Nxd5 21. Bxa6 {1-0 (92) Jacobson,B (2524)-Hong,A (2504) Chess.com INT 2022}) 14... Bd6 (14... Bb6 $11) 15. Na5 Rb8 16. Nxb7 ({Better is} 16. a4 $16) 16... Rxb7 $11 17. Be1 b4 18. Na4 ({Reject} 18. Bxa6 Rb6 19. Nb5 Bc5 $17) 18... a5 $1 19. Rac1 Rd8 20. Kf1 g5 21. h3 h5 22. b3 g4 (22... Be5 $11) 23. Rc6 $16 Nb8 24. Rc4 Rg8 {[%emt 0:07:05] [#]} (24... Nbd7 $142) 25. hxg4 (25. f4 $1 $16) 25... hxg4 $14 26. g3 Rc7 27. Rxc7+ Bxc7 28. Rc1 Ne8 29. Nc5 Bb6 30. Na4 {[%emt 0:03:55] White is more active.} (30. a3 $5) 30... Bc7 31. Bb5 (31. Bd2 $14) 31... Kd8 32. Nc5 {[%emt 0:01:46] [#] Hoping for Nb7+.} Nd6 {[%emt 0:00:15] Against Nb7+} 33. Be2 Bb6 34. Nd3 Nd7 {[%emt 0:00:55] Against Ne5} ({Black should try} 34... Ke7 $11) 35. Rc6 (35. Ra1 $14) 35... Ne4 36. Nb2 Nec5 {[%emt 0:01:05] The position is equal.} 37. Nc4 Bc7 38. Nd6 Bxd6 39. Rxd6 Kc7 40. Rd1 f5 41. a3 Rb8 42. axb4 axb4 43. Rd4 {Weighted Error Value: White=0.19 (very precise) /Black=0.17 (very precise)} 1/2-1/2

[Event "Ceske Budejovice IM 2022"]
[Site "Ceske Budejovice"]
[Date "2022.07.03"]
[Round "3.4"]
[White "Civin, Tomas"]
[Black "Bochnicka, Vladimir"]
[Result "0-1"]
[ECO "C28"]
[WhiteElo "2419"]
[BlackElo "2295"]
[Annotator "TA"]
[PlyCount "56"]
[EventDate "2022.07.01"]
[EventType "tourn"]
[EventCountry "CZE"]
[SourceTitle "playchess.com"]
[Source "ChessBase"]
[SourceQuality "1"]
[TimeControl "40/5400+30:1800+30"]

1. e4 e5 2. Nc3 Nc6 3. Bc4 Nf6 4. d3 Na5 5. Nge2 Nxc4 6. dxc4 Bc5 7. O-O d6 8. Qd3 Be6 {[%emt 0:03:49] 8...0-0 deserves study.} 9. b3 Qe7 {[%emt 0:06:24] C28: Vienna Game: 2...Nf6 3 Bc4 Nc6.} 10. Ng3 {[%emt 0:04:27] [#]} g6 $146 ({Predecessor:} 10... O-O-O 11. Nd5 Nxd5 12. exd5 Bg4 13. Bd2 h5 14. b4 Bb6 15. a4 h4 16. c5 Bxc5 17. bxc5 hxg3 18. Qxg3 {1-0 (46) Preziuso,T-Beer,S DESC email 2011}) 11. Na4 Nd7 {[%emt 0:06:13] The position is equal.} 12. Kh1 h5 13. Nf5 gxf5 14. exf5 {[%emt 0:00:26] [#]} O-O-O $1 15. fxe6 Qxe6 16. Be3 Rhg8 17. Nxc5 dxc5 18. Qd5 Qg4 19. Rg1 h4 (19... Qf5 $11) 20. h3 (20. Bxc5 $2 Nxc5 21. f3 (21. Qxc5 h3) 21... Rxd5 $19) ({Better is} 20. Qxf7 $14 Rdf8 21. Qd5) 20... Qf5 $11 21. Rad1 (21. Bxc5 $2 c6 22. Qf3 (22. Qd6 $2 Nf6 $19) 22... Qxf3 23. gxf3 Nxc5 $19) 21... c6 22. Qd3 e4 23. Qd6 {[%emt 0:03:21] Black must now prevent Bf4.} Ne5 24. Qxc5 {[%emt 0:00:29][%mdl 8192] This costs White the game.} (24. Qh6 $1 $14 {is the one way to stay ahead.}) 24... Rxd1 $19 25. Rxd1 Qg6 $40 {[%emt 0:00:07][%csl Gg8][%cal Rg6g2][%mdl 128] White is in trouble.} 26. g4 {[%emt 0:00:05] [#]} (26. Rg1 $19 Nf3 27. Qxa7 (27. g4 $2 hxg3 28. Rxg3 Rd8 $19) 27... Nxg1 28. Qa8+ Kc7 29. Bf4+ Kd7 30. Qxb7+ Ke6 31. g4 (31. Qxc6+ $2 Kf5 $19) 31... hxg3 32. fxg3 (32. Qxc6+ $2 Kf5 $19)) 26... hxg3 $1 {[%emt 0:01:23] Black mates.} 27. Qxe5 gxf2 28. Qh2 Qh5 {[%emt 0:00:12] Weighted Error Value: White=0.74/Black=0.14 (very precise)} 0-1

[Event "Ceske Budejovice IM 2022"]
[Site "Ceske Budejovice"]
[Date "2022.07.03"]
[Round "3.5"]
[White "Plischki, Sebastian"]
[Black "Svanda, Ondrej"]
[Result "1/2-1/2"]
[ECO "A04"]
[WhiteElo "2384"]
[BlackElo "2363"]
[Annotator "RC"]
[PlyCount "85"]
[EventDate "2022.07.01"]
[EventType "tourn"]
[EventCountry "CZE"]
[SourceTitle "playchess.com"]
[Source "ChessBase"]
[SourceQuality "1"]
[TimeControl "40/5400+30:1800+30"]

1. Nf3 c5 2. c4 g6 3. d4 cxd4 4. Nxd4 Nf6 5. Nc3 Nc6 6. e4 d6 7. Be2 Nxd4 8. Qxd4 Bg7 9. Be3 O-O 10. Qd2 a5 11. O-O a4 12. Bd4 Be6 13. f4 Qa5 14. Rad1 Rfc8 15. b3 axb3 16. axb3 Re8 17. Qe3 Bg4 18. e5 Bxe2 19. Qxe2 Nd7 20. Nb5 Nc5 21. Bxc5 dxc5 22. f5 Qb6 23. e6 gxf5 24. exf7+ Kxf7 25. Rxf5+ Kg8 26. h3 Qc6 27. Kh2 b6 28. Rd3 Qg6 29. Rfd5 Ra1 30. Rg3 Rh1+ 31. Kxh1 Qxg3 32. Nd6 Rf8 33. Nf5 Qf4 34. g3 Qc1+ 35. Kg2 Bf6 36. h4 Kh8 37. Rd1 Qc3 38. Rd3 Qc1 39. Qe4 Qc2+ 40. Kh3 Qb1 41. Kg2 Qc2+ 42. Kh3 Qb1 43. Kg2 1/2-1/2

[Event "Ceske Budejovice IM 2022"]
[Site "Ceske Budejovice"]
[Date "2022.07.04"]
[Round "4.1"]
[White "Gretarsson, Helgi Ass"]
[Black "Svanda, Ondrej"]
[Result "0-1"]
[ECO "E32"]
[WhiteElo "2472"]
[BlackElo "2363"]
[Annotator "TA"]
[PlyCount "60"]
[EventDate "2022.07.01"]
[EventType "tourn"]
[EventCountry "CZE"]
[SourceTitle "playchess.com"]
[Source "ChessBase"]
[SourceQuality "1"]
[TimeControl "40/5400+30:1800+30"]

1. d4 Nf6 2. c4 e6 3. Nc3 Bb4 4. Qc2 O-O 5. Nf3 d5 6. cxd5 exd5 7. Bg5 {[%emt 0:00:34][%cal Bc1g5,Bg5h4,Bh4g3][%mdl 32] E32: Nimzo-Indian: Classical (4 Qc2): 4...0-0.} h6 8. Bh4 c5 9. dxc5 {[%emt 0:35:10] The position is equal.} g5 (9... Bxc5 10. Bxf6 gxf6 11. e3 $14) 10. Bg3 Ne4 11. a3 {[%emt 0:31:20] [#]} (11. e3 $11) 11... Bf5 $146 (11... Bxc3+ $5 12. bxc3 Bf5 $15) ({Predecessor:} 11... Bxc3+ 12. bxc3 Bf5 13. Qb2 Nd7 14. Nd4 Bg6 15. f3 Nexc5 16. e3 Qe7 17. Qd2 Rae8 {0-1 (54) Sethuraman,S (2624)-Jakovenko,D (2733) Caleta 2015}) 12. Qb3 (12. axb4 Nxg3 13. e4 Nxh1 $17) (12. Be5 $15 Bxc3+ 13. Bxc3) 12... Bxc3+ $17 13. bxc3 {[%emt 0:00:00] [#]} Na6 $1 {[%emt 0:06:19] aiming for ...Re8.} (13... Nxc5 14. Qb2 $15) 14. Nd4 (14. e3 $142) 14... Naxc5 {[%emt 0:01:37] Pair of Knights!} 15. Qb4 a5 16. Qb2 Bg6 {[%emt 0:02:29] Hoping for ...Qe7. Black is more active.} 17. e3 {[%emt 0:00:43] [#]} (17. f3 $17 Nxg3 18. hxg3) 17... Qe7 $1 $19 18. Nb5 (18. Bb5 $142) 18... Rac8 19. Be2 f5 {[%emt 0:05:26] White must now prevent ...f4.} (19... Na4 $2 20. Qb3 Naxc3 21. Nxc3 Rxc3 22. Qxd5) 20. f3 $2 (20. Bc7) 20... Nxg3 21. hxg3 Qxe3 22. Kf1 f4 {[%emt 0:11:09] ( -> ...Nd3)} ({Avoid the trap} 22... Ne4 $2 23. fxe4 fxe4+ 24. Ke1 Qxg3+ 25. Kd1 Qxg2 26. Re1 $19) 23. Qc1 Kg7 (23... Qe5 $142 24. Qd1 fxg3) 24. gxf4 Qxc1+ ({Stronger than} 24... gxf4 25. Qxe3 fxe3 26. Rh4 $17) ({Inferior is} 24... Qxf4 25. Qxf4 Rxf4 26. Kg1) 25. Rxc1 Rxf4 $40 {[%emt 0:00:04][%mdl 128] Black has strong attack.} 26. Nd4 Rf6 27. Ke1 (27. Kf2 $17 {might work better.}) 27... Rb6 28. Bb5 Bd3 29. c4 (29. Rd1 Bxb5 30. Rb1) 29... dxc4 30. Kd2 Rd8 {[%emt 0:00:17] Weighted Error Value: White=0.62/Black=0.21 (precise)} 0-1

[Event "Ceske Budejovice IM 2022"]
[Site "Ceske Budejovice"]
[Date "2022.07.04"]
[Round "4.2"]
[White "Bochnicka, Vladimir"]
[Black "Plischki, Sebastian"]
[Result "1-0"]
[ECO "B45"]
[WhiteElo "2295"]
[BlackElo "2384"]
[Annotator "TA"]
[PlyCount "89"]
[EventDate "2022.07.01"]
[EventType "tourn"]
[EventCountry "CZE"]
[SourceTitle "playchess.com"]
[Source "ChessBase"]
[SourceQuality "1"]
[TimeControl "40/5400+30:1800+30"]

1. e4 c5 2. Nf3 e6 3. d4 cxd4 4. Nxd4 Nc6 5. Nc3 d6 6. Be3 Nf6 7. f3 Be7 8. Qd2 O-O 9. O-O-O a6 10. g4 Nxd4 11. Bxd4 b5 12. g5 Nd7 13. h4 Qc7 {[%emt 0:00:34] B80: Sicilian Scheveningen: 6 g3 and 6 Be3, including English Attack.} 14. Kb1 b4 15. Na4 Bb7 {[%emt 0:01:31] The position is equal.} 16. b3 Bc6 17. Nb2 a5 18. h5 Ne5 {[%emt 0:05:52] [#] Prevents g6.} (18... d5 $11) 19. Qg2 $146 ({Predecessor:} 19. Bxe5 dxe5 20. Bc4 Bc5 21. Qh2 Kh8 22. g6 h6 23. gxf7 Rxf7 24. Rhf1 Raf8 25. Nd3 Bd4 26. Nf2 Rd8 27. Ng4 Rf4 {0-1 (27) Nijboer,F (2559)-Babula,V (2554) Skopje 2015}) 19... f5 20. gxf6 ({Better is} 20. g6 $16 {Strongly threatening Bxe5.} Bf6 21. gxh7+ Kh8 22. Bxe5 Bxe5 23. Nd3) 20... Bxf6 $11 21. Be2 a4 22. f4 (22. h6 $1 $15 axb3 23. cxb3) 22... axb3 $17 23. axb3 (23. cxb3 $17 {was the crucial defense.} Qb7 24. fxe5 dxe5 25. Bd3 exd4 26. h6) 23... Nd7 $19 (23... Qa5 $2 24. Kc1 Nd7 25. Rhg1 $19 (25. Bxf6 $2 Nxf6 26. Na4 Bxa4 $19)) 24. Rhg1 {[%emt 0:02:00][%cal Og2g7] Hoping for Qxg7+!} Rf7 (24... Qa5 25. Na4 Rf7 26. Bc4 Bxd4 27. Rxd4 $11) 25. Na4 (25. Qf2 $142 e5 26. fxe5 dxe5 27. Ba7) 25... Bxd4 26. Rxd4 Nc5 27. Bc4 (27. h6 $142 Bxa4 28. Qxg7+ (28. bxa4 $2 Nxa4 29. Rc4 Nc3+ 30. Kc1 Qb6 $19) 28... Rxg7 29. Rxg7+ Qxg7 30. hxg7) 27... Rxf4 $2 (27... Bxa4 $19 28. bxa4 Rxa4) 28. Nxc5 $14 {[%emt 0:01:06][%mdl 64] Remove Defender} dxc5 29. Bxe6+ Kh8 $1 30. Rd7 $40 {[%emt 0:00:39][%csl Gd7,Gg1][%cal Rg2g7][%mdl 128] White has some attack. Dancing on a razor blade.} Qe5 (30... Rf1+ $1 $14 31. Rxf1 Bxd7 32. Bxd7 Qxd7) 31. Qxg7+ $18 Qxg7 32. Rdxg7 Rf1+ 33. Rxf1 Kxg7 {[%emt 0:00:05][%mdl 4096] Endgame [#] KRB-KRB} 34. e5 (34. Bd5 $1 $18 Bxd5 35. exd5) 34... Be8 $16 {[%emt 0:04:57] Inhibits Rf7+.} 35. Bg4 {[%emt 0:02:01] White is more active.} Rd8 (35... Ra6 $16 {was called for.}) 36. Rf6 $18 {[%emt 0:00:40] White wants to mate with h6+.} h6 {[%emt 0:02:21] [#]} 37. Rd6 {[%emt 0:00:45] Inhibits Rd5.} Rb8 38. Kc1 Rb7 (38... Ra8 {might work better.} 39. Kb2 Ra5) 39. Re6 Bf7 40. Rc6 c4 41. bxc4 b3 42. cxb3 Rxb3 43. e6 {[%emt 0:00:21] Black must now prevent Rc7.} Be8 44. Rc8 Rg3 $2 (44... Kf8 45. Bd1 Ra3) 45. Bd1 {[%emt 0:01:06] Weighted Error Value: White=0.53/Black=0.60} ({Less strong is} 45. Rxe8 Rxg4 46. Rc8 Kf6 $16) 1-0

[Event "Ceske Budejovice IM 2022"]
[Site "Ceske Budejovice"]
[Date "2022.07.04"]
[Round "4.3"]
[White "Dev, Shah"]
[Black "Civin, Tomas"]
[Result "1/2-1/2"]
[ECO "D32"]
[WhiteElo "2292"]
[BlackElo "2419"]
[Annotator "TA"]
[PlyCount "37"]
[EventDate "2022.07.01"]
[EventType "tourn"]
[EventCountry "CZE"]
[SourceTitle "playchess.com"]
[Source "ChessBase"]
[SourceQuality "1"]
[TimeControl "40/5400+30:1800+30"]

1. d4 d5 2. c4 e6 3. Nf3 c5 4. cxd5 exd5 5. Nc3 Nc6 6. dxc5 d4 7. Na4 $1 Bxc5 {[%emt 0:00:32][%mdl 64] [#] Decoy. D32: Tarrasch Defence: Sidelines and lines without g3.} 8. Nxc5 Qa5+ 9. Bd2 Qxc5 10. e3 dxe3 11. Bxe3 Qb4+ 12. Qd2 Nf6 13. Qxb4 Nxb4 14. Bb5+ Bd7 15. Bxd7+ Nxd7 {[%emt 0:00:31] [#] Pair of Knights!} 16. O-O $146 {[%emt 0:01:01] The position is equal.} ({Predecessor:} 16. O-O-O O-O-O 17. Ng5 Ne5 18. Bxa7 Nxa2+ 19. Kb1 Nb4 20. Bb6 Rxd1+ 21. Rxd1 f6 22. Ne4 {1-0 (49) Perez Ponsa,F (2553)-Valerga,D (2431) Montevideo 2022}) 16... O-O 17. Rad1 Rfd8 18. a3 Nc6 19. Rd2 {[%emt 0:06:16] Weighted Error Value: White=0.09 (flawless) /Black=0.01 (flawless)} 1/2-1/2

[Event "Ceske Budejovice IM 2022"]
[Site "Ceske Budejovice"]
[Date "2022.07.04"]
[Round "4.4"]
[White "Nagy, Ladislav"]
[Black "Finek, Vaclav"]
[Result "0-1"]
[ECO "B27"]
[WhiteElo "2209"]
[BlackElo "2393"]
[Annotator "TA"]
[PlyCount "76"]
[EventDate "2022.07.01"]
[EventType "tourn"]
[EventCountry "CZE"]
[SourceTitle "playchess.com"]
[Source "ChessBase"]
[SourceQuality "1"]
[TimeControl "40/5400+30:1800+30"]

1. e4 c5 2. Nf3 g6 3. d4 cxd4 4. Nxd4 Bg7 5. Be3 Nc6 6. Nc3 Nf6 7. Nxc6 bxc6 8. e5 Ng8 9. Bd4 f6 10. f4 Qa5 11. Qd2 {[%emt 0:00:49] is recently more successful than 11.Qe2.} fxe5 {[%emt 0:17:22] B34: Sicilian: Accelerated Dragon with 5 Nc3: sidelines.} 12. fxe5 c5 13. Bf2 {[%emt 0:02:33] [#] aiming for Bc4.} Rb8 {[%emt 0:09:33] The position is equal.} 14. Bc4 {[%emt 0:15:15] And now 0-0 would win.} (14. Nd5 $5 Qxd2+ 15. Kxd2 $11) 14... Rxb2 15. Bg3 {[%emt 0:06:30] Threatens to win with 0-0.} Ba6 (15... Bh6 16. Qd3 $16) 16. Bxa6 Qxa6 17. Rd1 Rb7 {[%emt 0:07:16] [#] Active counter play!} 18. Bf4 $146 {[%emt 0:06:42] Inhibits Nh6.} ({Better is} 18. Ne4 $15 Qc4 19. Qd3 Qxd3 20. cxd3) ({Predecessor:} 18. Ne2 Nh6 19. O-O Nf5 20. Bf2 Bxe5 21. g4 Nd4 22. Nxd4 cxd4 23. Qh6 Qe2 24. h3 {0-1 (55) Hakobyan,E (2028)-Rostomyan,M (2067) Yerevan 2021}) 18... Qc4 $17 19. Ne2 e6 20. O-O {[%emt 0:06:16] [#] Bg5 is the strong threat.} Ne7 21. Rb1 {[%emt 0:03:33] This move loses the game for White.} (21. Nc1 $17 O-O 22. Nb3) 21... Rxb1 $19 22. Rxb1 O-O ({Weaker is} 22... Qxa2 23. Nc3 Qa6 24. Ne4 $17) 23. h3 (23. Qd3 $142 Qxd3 24. cxd3) 23... Nd5 ({But not} 23... Qxa2 $2 24. Rb7 Nd5 25. Rxd7 $19) 24. Bg3 Qxa2 25. Rd1 Qc4 {[%emt 0:01:47] Prevents Nc3.} 26. Ra1 a6 27. Qd3 Qxd3 28. cxd3 Ra8 29. Ra5 Bf8 30. Bf2 Nb4 31. d4 Nc6 32. Ra4 cxd4 33. Nxd4 Nxe5 34. Nb5 Nd3 {[%emt 0:00:36] Strongly threatening ...Rc8.} 35. Nc7 Rc8 {[%emt 0:00:44] Black is clearly winning.} 36. Bg3 Nc5 37. Ra1 d6 38. Nxa6 Ra8 {[%emt 0:00:05] Weighted Error Value: White=0.39/Black=0.04 (flawless)} 0-1

[Event "Ceske Budejovice IM 2022"]
[Site "Ceske Budejovice"]
[Date "2022.07.04"]
[Round "4.5"]
[White "Mirzoev, Azer"]
[Black "Lajbl, Jan"]
[Result "1/2-1/2"]
[ECO "D02"]
[WhiteElo "2424"]
[BlackElo "2212"]
[Annotator "TA"]
[PlyCount "118"]
[EventDate "2022.07.01"]
[EventType "tourn"]
[EventCountry "CZE"]
[SourceTitle "playchess.com"]
[Source "ChessBase"]
[SourceQuality "1"]
[TimeControl "40/5400+30:1800+30"]

1. d4 d5 2. Nf3 c5 3. dxc5 e6 4. e4 Bxc5 5. exd5 exd5 6. Bd3 Ne7 7. O-O h6 {[%emt 0:01:50] C01: French: Exchange Variation.} 8. Nc3 O-O 9. h3 Nbc6 {[%emt 0:01:25] White has an edge.} 10. a3 a6 11. Bf4 Be6 {[%emt 0:12:17] [#]} 12. Re1 $146 ({Predecessor:} 12. Qd2 Qd7 13. Rae1 Rad8 14. g4 Bxg4 15. hxg4 Qxg4+ 16. Kh2 Qxf3 17. Bg3 Qg4 18. f4 {0-1 (36) Kaiser,D (1801)-Braun,T (2162) Kelheim 2012}) 12... Qd7 ({Resist} 12... Qb6 13. Qd2 $16) 13. Bf1 Rad8 14. Ne2 Nf5 15. Ne5 Nxe5 16. Bxe5 Bd6 17. Nd4 Bxe5 18. Rxe5 Nd6 19. Re1 Ne4 20. c3 Bf5 21. f3 {[%emt 0:08:41] g4 is the strong threat.} Nf6 22. Qd2 Rfe8 23. Qf4 (23. Kf2 {looks sharper.} Bg6 24. Qf4 Nh5 25. Qh2) 23... Bg6 24. g4 (24. Kf2 {keeps more tension.} Rc8 25. Rxe8+ Nxe8 26. Re1) 24... Rxe1 25. Rxe1 Re8 26. Rd1 Qa4 27. Rd2 Qd7 28. Kf2 Qd8 29. Ne2 Qe7 30. Kg2 Bb1 31. Qd4 Qc7 32. Ng3 Bg6 33. h4 Re5 34. Qf4 Qe7 35. h5 Bb1 36. Kf2 Nh7 37. Rd1 Bc2 38. Rc1 Bb3 39. Nf5 Qc7 40. Kg3 {[%emt 0:01:00] Active counter play!} Ng5 41. Re1 f6 {[%emt 0:04:50] White must now prevent ...Ne6.} 42. Rxe5 fxe5 {[%emt 0:07:59] [#]} (42... Qxe5 $14 43. Qxe5 fxe5) 43. Qb4 $1 $16 Bd1 {[%emt 0:03:44] [#]} 44. Qd6 (44. Bg2 $1 $16) 44... Qxd6 $11 45. Nxd6 Bxf3 (45... b5 $11) 46. Nxb7 {[%emt 0:00:00][%mdl 4096] Endgame Hoping for Nc5. KBN-KBN} d4 47. Nc5 {[%emt 0:00:00] Strongly threatening cxd4.} ({Much weaker is} 47. Bxa6 d3 48. Bxd3 Bxb7 $17) 47... dxc3 48. bxc3 a5 49. Bc4+ Kh7 50. Ne6 (50. Nb3 $14) 50... Ne4+ $1 {[%emt 0:02:59] The position is equal.} 51. Kxf3 {[%emt 0:00:21] White wants to mate with Nf8+.} Nd2+ 52. Ke2 {[%emt 0:00:06] Nf8+ would kill now.} Nxc4 {[%emt 0:00:06] KN-KN} 53. a4 Nb6 54. Nc5 Kg8 55. Kd3 Kf7 56. c4 Kf6 57. Ne4+ Ke6 58. Nc5+ Kf6 59. Ne4+ Ke6 {[%emt 0:00:04] Weighted Error Value: White=0.08 (flawless) /Black=0.08 (flawless)} 1/2-1/2

[Event "Ceske Budejovice IM 2022"]
[Site "Ceske Budejovice"]
[Date "2022.07.05"]
[Round "5.1"]
[White "Lajbl, Jan"]
[Black "Gretarsson, Helgi Ass"]
[Result "0-1"]
[ECO "B07"]
[WhiteElo "2212"]
[BlackElo "2472"]
[Annotator "TA"]
[PlyCount "69"]
[EventDate "2022.07.01"]
[EventType "tourn"]
[EventCountry "CZE"]
[SourceTitle "playchess.com"]
[Source "ChessBase"]
[SourceQuality "1"]
[TimeControl "40/5400+30:1800+30"]

1. e4 d6 2. d4 Nf6 3. Nc3 Nbd7 4. g4 h6 5. h3 e5 6. Nge2 {[%emt 0:00:20] B07: Pirc Defence: Miscellaneous Systems.} c6 7. a4 Be7 8. Bg2 {[%emt 0:00:21] White has an edge.} Nf8 9. f4 Ng6 10. O-O h5 11. g5 Nh7 12. Qe1 {[%emt 0:06:51] [#]} h4 $146 ({Black should play} 12... exf4 $15 13. Nxf4 Nxf4 14. Bxf4 Nxg5) ({Predecessor:} 12... exf4 13. h4 f6 14. Nxf4 Nxf4 15. Bxf4 fxg5 16. hxg5 Nxg5 17. Qe3 Bg4 18. a5 O-O {0-1 (28) Touboulic,J (2244)-Seret,J (2378) Besancon 2006}) 13. f5 $11 Ngf8 14. f6 (14. dxe5 $11 {remains equal.} dxe5 15. Qxh4) 14... gxf6 $17 {[%emt 0:00:11] Black continues to play with concentration.} 15. Qxh4 Rg8 16. Qh5 (16. Qf2 $17 {was called for.}) 16... Nxg5 $19 17. h4 Ngh7 (17... Nge6 $142 18. Be3 Ng6) 18. Kh2 (18. a5 {is a better defense.}) 18... Bg4 19. Qh6 Qc7 20. dxe5 $2 {[%emt 0:02:43] [#]} (20. Qe3 {might work better.}) 20... fxe5 21. Ng3 Rg6 22. Qe3 Bxh4 23. Nf5 Bg5 24. Qf2 Bxf5 25. exf5 Rh6+ 26. Kg1 Qb6 27. Ne4 Qxf2+ 28. Rxf2 Bxc1 29. Rxc1 O-O-O 30. c4 Nf6 31. Ng5 Rh5 ({Avoid the trap} 31... Rd7 $2 32. Rc3 $19) 32. Nf3 Kc7 33. c5 Rxf5 {[%emt 0:00:09] [#] ...Ng6 is the strong threat.} 34. Bh3 $2 (34. Nxe5 Rxf2 35. cxd6+ Rxd6 36. Kxf2) 34... Rh5 35. Ng5 {Weighted Error Value: White=0.51/Black=0.21 (precise)} (35. Nd2 $142 Rxh3 36. Rxf6) 0-1

[Event "Ceske Budejovice IM 2022"]
[Site "Ceske Budejovice"]
[Date "2022.07.05"]
[Round "5.2"]
[White "Finek, Vaclav"]
[Black "Mirzoev, Azer"]
[Result "1/2-1/2"]
[ECO "D11"]
[WhiteElo "2393"]
[BlackElo "2424"]
[Annotator "TA"]
[PlyCount "119"]
[EventDate "2022.07.01"]
[EventType "tourn"]
[EventCountry "CZE"]
[SourceTitle "playchess.com"]
[Source "ChessBase"]
[SourceQuality "1"]
[TimeControl "40/5400+30:1800+30"]

1. d4 d5 2. c4 c6 3. Nf3 Nf6 4. Qc2 g6 5. Bf4 Bg7 6. e3 O-O 7. Nc3 Bg4 8. Ne5 {[%emt 0:14:30] D93: Grünfeld: 4 Nf3 Bg7 5 Bf4 0-0 6 e3.} Be6 9. Be2 Nbd7 {[%emt 0:00:08] [#]} 10. Nf3 $146 ({Predecessor:} 10. Nxd7 Qxd7 11. cxd5 Nxd5 12. Nxd5 cxd5 13. O-O Rfc8 {½-½ (13) Hansen,S (2574)-Berkes,F (2647) Denmark 2020}) 10... Nh5 (10... dxc4 {is more complex.} 11. Ng5 Nd5 12. Nxe6 fxe6 13. Bg3 b5) 11. cxd5 cxd5 12. Bg3 Nxg3 13. hxg3 Nf6 14. O-O Qd6 15. Rac1 Rfc8 16. Qb3 Qb6 17. Qxb6 axb6 18. Nd2 {[%emt 0:00:49] Against Ne4} Bd7 19. a3 e6 20. Bd3 Bf8 21. Rfd1 Kg7 22. Kf1 Ne8 23. Ne2 Bc6 24. Rc2 Nd6 25. Rdc1 b5 26. Nb1 Nc4 27. Nbc3 h5 28. Nf4 Bd7 29. Nfe2 Be7 30. e4 Bg5 31. Rd1 Bc6 (31... dxe4 $1 $15 32. Bxe4 Nd6) 32. exd5 $11 exd5 33. Nf4 Rd8 34. Be2 h4 35. Nh3 $1 {[%emt 0:00:52] [#] Threatens to win with Bxc4. Pair of Knights!} Be7 36. gxh4 Bxh4 37. Bf3 Nb6 38. Nf4 Be7 39. Nd3 Bf8 40. g3 Na4 41. Na2 Bd7 42. Nab4 ({Wrong is} 42. Bxd5 $2 Bg4 43. f3 Bh3+ 44. Kf2 Rxd5 $19) 42... Bxb4 43. Nxb4 Bf5 44. Re2 Be4 45. Bxe4 (45. Bg2 $14) 45... dxe4 46. d5 f5 47. Rc2 Rd7 {[%emt 0:00:00] Against Rc7} 48. Rdc1 Kf6 49. Rc7 (49. Ke2 $11) 49... Rxc7 $15 50. Rxc7 Nxb2 51. Rxb7 {[%emt 0:00:00][%mdl 4096] Endgame KRN-KRN} Nc4 ({Don't do} 51... Rxa3 52. d6 Ra1+ 53. Ke2 $16) 52. Rxb5 Rxa3 53. Rc5 Nd6 (53... Ne5 $15) 54. Rc6 $11 {[%emt 0:00:00] The position is equal.} Ke5 55. Rc7 $1 {[%emt 0:00:00] [#] Re7+ is the strong threat.} Rb3 56. Nc6+ Kxd5 57. Ne7+ Kd4 58. Nc6+ Kd5 59. Ne7+ Kd4 60. Nc6+ {[%emt 0:00:00] Weighted Error Value: White=0.07 (flawless) /Black=0.05 (flawless)} 1/2-1/2